 Dungeon Crawl Stone Soup version 0.18.1-50-g88ac8fd (webtiles) character file.

18769 magog001 the Fighter (level 12, -4/113 HPs)
             Began as a Hill Orc Fighter on Aug 23, 2018.
             Was an Elder of Nemelex Xobeh.
             Slain by a troll (8 damage)
             ... on level 12 of the Dungeon on Aug 25, 2018.
             The game lasted 01:09:29 (13951 turns).

magog001 the Fighter (Hill Orc Fighter)            Turns: 13951, Time: 01:09:30

Health: -4/113     AC: 20    Str: 28    XL:     12   Next: 62%
Magic:  21/21      EV:  7    Int: 10    God:    Nemelex Xobeh [****..]
Gold:   828        SH: 21    Dex: 12    Spells: 0 memorised, 11 levels left

rFire  . . .     SeeInvis .     a - +0 war axe
rCold  . . .     Gourm    .     r - +0 chain mail of Icaff {*Drain rN+ MP+9 Str+4}
rNeg   + . .     Faith    .     b - +1 large shield
rPois  +         Spirit   .     (helmet restricted)
rElec  .         Dismiss  .     A - +2 cloak
rCorr  .         Reflect  .     (no gloves)
SustAt .         Harm     .     h - +1 pair of boots
MR     +....                    (no amulet)
Stlth  ..........               e - ring of Zarridd {rPois rF- MR+ Int+2}
                                C - ring of Qosimasai {+Fly rF+}

@: somewhat resistant to hostile enchantments, extremely unstealthy
A: hooves 1, horns 1, icy blue scales 1, thin metallic scales 1, agile 1,
regeneration 1, evolution 1, sturdy frame 1
a: Triple Draw, Deal Four, Renounce Religion, Evoke Flight


You were on level 12 of the Dungeon.
You worshipped Nemelex Xobeh.
Nemelex Xobeh was greatly pleased with you.
You were not hungry.

You visited 2 branches of the dungeon, and saw 13 of its levels.
You also visited: Sewer and Bailey.

You collected 1031 gold pieces.
You spent 203 gold pieces at shops.

Inventory:

Hand Weapons
 a - a +0 war axe (weapon)
 F - the +6 arbalest "Damnation" {damnation, rF++ rC- MR+}
   (You took it off a kobold in a bailey)

   It greatly protects you from fire.
   It makes you vulnerable to cold.
   It affects your resistance to hostile enchantments.
 I - a +3 demon trident
Missiles
 p - 51 tomahawks of returning (quivered)
 K - 14 bolts
Armour
 b - a +1 large shield (worn)
 h - a +1 pair of boots (worn)
 r - the +0 chain mail of Icaff (worn) {*Drain rN+ MP+9 Str+4}
   (You bought it in a shop on level 7 of the Dungeon)

   It affects your strength (+4).
   It protects you from negative energy.
   It affects your magic capacity (+9).
   It causes draining when unequipped.
 A - a +2 cloak (worn)
Jewellery
 e - the ring of Zarridd (right hand) {rPois rF- MR+ Int+2}
   (You found it on level 9 of the Dungeon)

   [ring of protection from magic]

   It affects your intelligence (+2).
   It makes you vulnerable to fire.
   It protects you from poison.
   It affects your resistance to hostile enchantments.
 l - an uncursed ring of fire
 C - the ring of Qosimasai (left hand) {+Fly rF+}
   (You found it on level 9 of the Dungeon)

   [ring of flight]

   It protects you from fire.
   It lets you fly.
 R - an uncursed ring of ice
Wands
 j - a wand of iceblast (11/15)
 n - a wand of acid (7/15)
 o - a wand of lightning (9/15)
 s - a wand of iceblast (8/15)
 x - a wand of flame (24/48)
 E - a wand of flame (11/48)
 H - a wand of polymorph (7/24)
 J - a wand of polymorph (4/24)
 L - a wand of acid (3/15)
Scrolls
 t - 6 scrolls of identify
 u - a scroll of remove curse
 v - 2 scrolls of amnesia
 N - a scroll of magic mapping {unknown}
 O - a scroll of recharging
 S - a scroll of fog
 W - a scroll of holy word {unknown}
Potions
 c - 4 potions of agility
 m - 2 potions of cure mutation
 w - 2 potions of magic
 D - a potion of mutation {unknown}
 G - a potion of brilliance {unknown}
 T - 2 potions of lignification {unknown}
Miscellaneous
 d - a plain deck of destruction
 k - a plain deck of defence {drawn: 1}
 y - a plain deck of war {drawn: 2}
 z - an ornate deck of destruction {drawn: 6}
 B - a plain deck of destruction
 M - a plain deck of escape {drawn: 1}
 Q - a plain deck of destruction
 U - a plain deck of war
 V - a plain deck of escape
Comestibles
 f - 7 bread rations
 g - 4 slices of pizza
 i - a beef jerky
 P - a meat ration


   Skills:
 * Level 12.8 Fighting
 + Level 12.4 Axes
 + Level 1.7 Throwing
 * Level 10.6 Armour
 - Level 2.0 Dodging
 - Level 0.1 Stealth
 + Level 12.2 Shields
 - Level 0.8 Evocations


You had 11 spell levels left.
You didn't know any spells.

Dungeon Overview and Level Annotations

Branches:
Dungeon (12/15)            Temple (1/1) D:7            Lair (0/8) D:11
    Orc (0/2) D:12

Altars:
Gozag
Kikubaaqudgha
Nemelex Xobeh
Pakellas
Sif Muna
Vehumet
Yredelemnul
The Shining One

Shops:
D:7 [   D:9 }

Annotations:
D:12 Rupert


Innate Abilities, Weirdness & Mutations

You have large cloven feet.
You have a pair of small horns on your head.
You are partially covered in icy blue scales (AC +1).
You are partially covered in thin metallic scales (AC +2).
You are agile. (Dex +2)
Your natural rate of healing is unusually fast.
You evolve.
Your movements are slightly less encumbered by armour (ER -2).


Message History

You kill the yak!
You hit the yak.
The yak is almost dead.
Rupert closely misses you. You block the yak's attack.
Drink which item? (? for menu, Esc to quit)
You feel better.
Rupert hits you with an executioner's axe of freezing!
* * * LOW HITPOINT WARNING * * *
Rupert freezes you.
* * * LOW HITPOINT WARNING * * *
The yak gores you but does no damage.
Evoke which item? (* to show all) (? for menu, Esc to quit)
You draw a card...
It is Solitude.
Rupert blinks!
The yak blinks!
The yak appears confused.
Rupert is no longer covered in acid.
The yak seems less confused.
Rupert rages.
Rupert is no longer berserk.
You block the troll's attack. x2
The troll claws you!
You die...
Your body glows with a rainbow of weird colours and disappears.

.........###........
...........#.....?..
...........#........####
...........#.########...
.........Y.#.#......#...
...........#.#......#...
...........#)#..........
.#####.....#.'.......8..
#.@T###.#..####....
#.†.#...#..#...#...
#.@.#.<.#..#...#...
#...#...####...#...
#...#..........####
#...#..............
#...#..............
....#<.............
.....#..............


You could see Rupert, a yak and a troll.

Vanquished Creatures
  Maud (D:10)
  A hydra (D:11)
  A centaur warrior (D:10)
  4 skeletal warriors (D:11)
  Pikel (D:6)
  A manticore (D:11)
  An efreet (D:10)
  A yaktaur (D:10)
  The ghost of Amnesiac the Cutter, a novice VSAr of Pakellas (Sewer)
  A two-headed ogre (D:8)
  A slime creature (D:9)
  2 shadows
  A wraith (D:10)
  A wyvern (D:8)
  17 yaks
  3 hungry ghosts
  Grum (D:10)
  2 hippogriffs (D:9)
  4 vampire mosquitoes (D:12)
  2 hell hounds (D:11)
  Purgy (Sewer)
  2 eyes of draining (D:10)
  A giant eyeball (D:10)
  4 ice beasts
  11 orc warriors
  A wasp (D:9)
  4 sky beasts
  2 phantoms
  8 ogres
  4 wolves (D:10)
  13 centaurs
  2 big kobolds
  3 giant frogs
  A gnoll sergeant (D:8)
  4 scorpions
  5 troll zombies (D:12)
  4 wights (D:11)
  7 howler monkeys
  3 jellies
  6 crimson imps
  2 giant frog zombies
  2 quasits
  A centaur skeleton (D:5)
  3 hounds
  8 orc priests
  12 orc wizards
  3 giant frog skeletons
  Natasha (thrice) (D:4)
  3 iguanas
  12 worker ants
  3 ogre zombies (D:12)
  A hound zombie (D:2)
  A hound skeleton (D:9)
  9 gnolls
  2 howler monkey skeletons
  15 adders
  A shadow imp (D:11)
  An ooze (D:2)
  2 adder zombies
  An adder skeleton (D:6)
  A worm (D:4)
  6 giant geckos
  24 orcs
  14 bats
  A bat skeleton (D:2)
  4 giant cockroaches
  13 goblins
  10 hobgoblins
  4 jackals (D:5)
  7 quokkas
  A ball python zombie (D:2)
  A giant cockroach zombie (D:2)
  A giant gecko zombie (D:5)
  4 giant newts
  A goblin skeleton (D:12)
  A goblin zombie (D:12)
  A hobgoblin skeleton (D:12)
  3 hobgoblin zombies (D:12)
  32 kobolds
  2 orc skeletons (D:12)
  17 orc zombies (D:12)
  A quokka zombie (D:6)
  5 rats
372 creatures vanquished.

Vanquished Creatures (collateral kills)
  2 yaks (D:9)
  A sky beast (D:9)
  A phantom (D:9)
  An orc priest (D:9)
  An orc (D:9)
  3 goblins (D:9)
9 creatures vanquished.

Grand Total: 381 creatures vanquished

Notes
Turn   | Place    | Note
--------------------------------------------------------------
     0 | D:1      | magog001 the Hill Orc Fighter began the quest for the Orb.
     0 | D:1      | Reached XP level 1. HP: 19/19 MP: 1/1
   350 | D:1      | Reached XP level 2. HP: 22/27 MP: 2/2
   860 | D:2      | Reached XP level 3. HP: 23/33 MP: 3/3
  1161 | D:2      | Reached XP level 4. HP: 36/40 MP: 4/4
  1502 | D:3      | Noticed a sky beast
  1522 | D:3      | Killed a sky beast
  1522 | D:3      | Reached skill level 1 in Dodging
  1522 | D:3      | Reached XP level 5. HP: 11/46 MP: 5/5
  1887 | D:3      | Found a deep blue altar of Sif Muna.
  1888 | D:3      | Found a radiant altar of Vehumet.
  1931 | D:3      | Found a glowing golden altar of the Shining One.
  1933 | D:3      | Found a sparkling altar of Nemelex Xobeh.
  2118 | D:3      | Reached XP level 6. HP: 44/52 MP: 6/6
  2239 | D:3      | Found an ancient bone altar of Kikubaaqudgha.
  2239 | D:3      | Found an opulent altar of Gozag.
  2501 | D:4      | Reached skill level 5 in Axes
  2834 | D:4      | Reached skill level 5 in Shields
  2834 | D:4      | Reached XP level 7. HP: 6/60 MP: 7/7
  3174 | D:4      | Reached skill level 5 in Fighting
  3502 | D:5      | Entered Level 5 of the Dungeon
  3564 | D:5      | Reached skill level 5 in Armour
  3697 | D:5      | Reached XP level 8. HP: 46/69 MP: 8/8
  3833 | D:5      | Found a glowing drain.
  3846 | Sewer    | Entered a sewer
  3846 | Sewer    | Noticed Amnesiac's ghost (novice VSAr)
  3855 | Sewer    | Killed Amnesiac's ghost
  4051 | Sewer    | Noticed Purgy
  4061 | Sewer    | Killed Purgy
  4123 | D:5      | Gained mutation: You have large cloven feet. [mutagenic meat]
  4124 | D:5      | Gained mutation: You are dopey. (Int -2) [mutagenic meat]
  4126 | D:5      | Gained mutation: Your natural rate of healing is unusually fast. [mutagenic meat]
  4127 | D:5      | Gained mutation: You have a pair of small horns on your head. [mutagenic meat]
  4220 | D:5      | Found a basalt altar of Yredelemnul.
  4779 | D:4      | Noticed Natasha
  4784 | D:4      | Killed Natasha
  4999 | D:4      | Reached XP level 9. HP: 79/79 MP: 9/9
  5198 | D:4      | Noticed Natasha
  5203 | D:4      | Killed Natasha
  5312 | D:3      | Became a worshipper of Nemelex Xobeh the Trickster
  5423 | D:4      | Noticed Natasha
  5432 | D:4      | Killed Natasha
  5762 | D:6      | Received a gift from Nemelex Xobeh
  5832 | D:6      | Gained mutation: You evolve. [mutagenic meat]
  5833 | D:6      | Gained mutation: Your spells are a little harder to cast, but a little more powerful. [mutagenic meat]
  5834 | D:6      | Lost mutation: Your spells are a little harder to cast, but a little more powerful. [mutagenic meat]
  5835 | D:6      | Gained mutation: You are agile. (Dex +2) [mutagenic meat]
  5836 | D:6      | Gained mutation: You are partially covered in icy blue scales (AC +1). [mutagenic meat]
  5926 | D:6      | Found a deep blue altar of Sif Muna.
  5993 | D:6      | Identified Sif Muna's Guide on Feathers
  6340 | D:6      | Noticed Pikel
  6394 | D:6      | Killed Pikel
  6781 | D:7      | Reached * piety under Nemelex Xobeh
  7132 | D:7      | Received a gift from Nemelex Xobeh
  7219 | D:7      | Found Haucw's Armour Shoppe.
  7228 | D:7      | Bought the +0 chain mail of Icaff {*Drain rN+ MP+9 Str+4} for 203 gold pieces
  7317 | D:7      | Found a staircase to the Ecumenical Temple.
  7321 | Temple   | Entered the Ecumenical Temple
  7431 | D:7      | Gained mutation: You are partially covered in thin metallic scales (AC +2). [evolution]
  7654 | D:8      | Reached XP level 10. HP: 79/91 MP: 10/10
  7783 | D:8      | Reached ** piety under Nemelex Xobeh
  7798 | D:8      | Received a gift from Nemelex Xobeh
  9110 | D:9      | Reached skill level 10 in Fighting
  9228 | D:9      | Gained mutation: Your movements are slightly less encumbered by armour (ER -2). [evolution]
  9234 | D:9      | Got a twitching glass ring
  9237 | D:9      | Got a scintillating silver ring
  9258 | D:9      | Reached skill level 10 in Axes
  9278 | D:9      | Found a flagged portal.
  9289 | Bailey   | Entered a bailey
  9492 | Bailey   | Reached skill level 10 in Shields
  9519 | Bailey   | Reached skill level 1 in Throwing
  9682 | Bailey   | Received a gift from Nemelex Xobeh
  9741 | Bailey   | Identified the ring of Zarridd {rPois rF- MR+ Int+2} (You found it on level 9 of the Dungeon)
  9743 | Bailey   | Identified the ring of Qosimasai {+Fly rF+} (You found it on level 9 of the Dungeon)
  9849 | D:9      | Reached XP level 11. HP: 101/101 MP: 11/11
 10332 | D:9      | Found an oddly glowing altar of Pakellas.
 10332 | D:9      | Found Pakellas's Prime Provisions.
 10591 | D:10     | Entered Level 10 of the Dungeon
 10672 | D:10     | Noticed Grum
 10684 | D:10     | Killed Grum
 10956 | D:10     | Reached *** piety under Nemelex Xobeh
 11005 | D:10     | Received a gift from Nemelex Xobeh
 11051 | D:10     | Noticed Maud
 11079 | D:10     | Killed Maud
 11680 | D:10     | Lost mutation: You are dopey. (Int -2) [evolution]
 11721 | D:10     | Received a gift from Nemelex Xobeh
 11721 | D:10     | Noticed Snorg
 11721 | D:10     | Noticed Fannar
 11741 | D:10     | Noticed Fannar
 11741 | D:10     | Fannar changed into Fannar the giant eyeball
 11741 | D:10     | Noticed Snorg
 11741 | D:10     | Snorg changed into Snorg the yaktaur
 11742 | D:10     | Killed Fannar the giant eyeball
 11746 | D:10     | Killed Snorg the yaktaur
 12139 | D:10     | Noticed a centaur warrior
 12152 | D:10     | Killed a centaur warrior
 12331 | D:11     | Received a gift from Nemelex Xobeh
 12339 | D:11     | Noticed a skeletal warrior
 12340 | D:11     | Noticed a skeletal warrior
 12344 | D:11     | Noticed a skeletal warrior
 12353 | D:11     | Noticed a skeletal warrior
 12367 | D:11     | Killed a skeletal warrior
 12367 | D:11     | Reached XP level 12. HP: 79/112 MP: 12/12
 12443 | D:11     | Reached skill level 10 in Armour
 12623 | D:11     | Reached **** piety under Nemelex Xobeh
 12626 | D:11     | Found a staircase to the Lair.
 13085 | D:11     | Noticed a five-headed hydra
 13090 | D:11     | Killed a six-headed hydra
 13274 | D:11     | Received a gift from Nemelex Xobeh
 13601 | D:12     | Found a staircase to the Orcish Mines.
 13920 | D:12     | Noticed Rupert
 13949 | D:12     | HP: 5/113 [Rupert/executioner's axe of freezing (12)]
 13951 | D:12     | Slain by a troll

Skill      XL: |  1  2  3  4  5  6  7  8  9 10 11 12 |
---------------+-------------------------------------+-----
Axes           | 3 4 5 6 8 10 11 12 | 12.4
Shields        | 4 5 6 8 10 11 12 | 12.2
Fighting       | 4 5 7 9 10 12 | 12.8
Armour         | 4 5 6 7 8 9 10 | 10.6
Dodging        | 1 2 |  2.0
Throwing       | 1 |  1.7
Stealth        | |  0.1
Evocations     | |  0.8

Action                   |  1- 3 |  4- 6 |  7- 9 | 10-12 || total
-------------------------+-------+-------+-------+-------++-------
Melee: War axe           |   128 |   117 |   330 |   747 ||  1322
       Headbutt          |       |       |    46 |   191 ||   237
       Long sword        |       |       |   113 |       ||   113
Throw: Throwing net      |       |     1 |       |       ||     1
       Tomahawk          |       |       |       |    40 ||    40
Evoke: Wand              |       |       |     1 |     6 ||     7
       Deck              |       |       |       |    10 ||    10
  Use: Scroll            |     4 |     1 |    11 |    11 ||    27
       Potion            |       |     1 |     5 |     4 ||    10
  Eat: Chunk             |     1 |     4 |    15 |     6 ||    26
       Beef jerky        |       |     1 |       |       ||     1
       Meat ration       |       |       |     3 |     2 ||     5
       Fruit             |       |       |       |     3 ||     3
       Bread ration      |       |       |       |     1 ||     1
Armor: Scale mail        |    75 |    47 |   210 |       ||   332
       Chain mail        |       |       |    19 |   279 ||   298
Dodge: Dodged            |    53 |    25 |   172 |   147 ||   397
Block: Shield            |    96 |    64 |   251 |    17 ||   428
       Large shield      |       |       |       |   784 ||   784
